 Dungeon Crawl Stone Soup version 0.15-a0-2102-gacb6860 (webtiles) character file.

137 Conan321 the Magician (level 5, 0/31 HPs)
             Began as an Octopode Wizard on July 15, 2014.
             Slain by an ice beast (1 damage)
             ... on Level 5 of the Dungeon.
             The game lasted 00:11:11 (1527 turns).

Conan321 the Magician (Octopode Wizard)             Turns: 1527, Time: 00:11:11

HP   0/31        AC  1     Str  6      XL: 5   Next: 20%
MP   3/13        EV 12     Int 22      God:
Gold 108         SH  0     Dex 10      Spells:  4 memorised,  4 levels left

rFire  . . .     SeeInvis .     e - +0 dagger (venom)
rCold  . . .     Clarity  .     (no shield)
rNeg   . . .     rCorr    .     b - +0 hat
rPois  .         rRot     .     (no amulet)
rElec  .         Spirit   .     (no ring)
SustAb .         Warding  .     (no ring)
rMut   .         Stasis   .     (no ring)
Gourm  .                        (no ring)
MR     .....                    (no ring)
                                (no ring)
                                (no ring)
                                (no ring)

@: starving, not resistant to hostile enchantments, fairly stealthy
A: almost no armour, amphibious, 8 rings, constrict 8, camouflage 1, gelatinous
body 1
a: no special abilities


You were on level 5 of the Dungeon.
You were starving.

You visited 1 branch of the dungeon, and saw 5 of its levels.

You collected 108 gold pieces.

Inventory:

Hand weapons
 e - a +0 dagger of venom (weapon)
Missiles
 h - 4 tomahawks (quivered)
 l - 30 arrows
Armour
 b - a +0 hat (worn)
Magical devices
 i - a wand of frost (11)
 k - a wand of random effects (5)
Comestibles
 d - a bread ration
Scrolls
 a - 4 scrolls of noise {unknown}
 g - a scroll of identify
Jewellery
 f - a cursed ring of loudness {unknown}
Potions
 j - a potion of poison {unknown}
Books
 c - a book of Minor Magic

   Spells                             Type                      Level
   *Magic Dart                        Conjuration                  1
   *Blink                             Translocation                2
   *Call Imp                          Summoning                    2
   Repel Missiles                     Charms/Air                   2
   Slow                               Hexes                        2
   Conjure Flame                      Conjuration/Fire             3
   *Mephitic Cloud                    Conjuration/Poison/Air       3


   Skills:
 + Level 2.9 Dodging
 + Level 3.5 Stealth
 + Level 0.4 Unarmed Combat
 + Level 4.1 Spellcasting
 + Level 1.9 Conjurations
 + Level 1.6 Summonings
 + Level 1.0 Translocations


You had 4 spell levels left.
You knew the following spells:

 Your Spells              Type           Power        Failure   Level  Hunger
a - Magic Dart            Conj           ##..         8%          1    None
b - Blink                 Tloc           N/A          12%         2    #......
c - Call Imp              Summ           ##......     10%         2    #......
d - Mephitic Cloud        Conj/Pois/Air  #.......     28%         3    ###....


Dungeon Overview and Level Annotations

Branches:
Dungeon (5/15)
 Temple: D:4-7

Altars:
Vehumet

Annotations:
D:4 KaKa's ghost, average HaHu


Innate Abilities, Weirdness & Mutations

You cannot wear most types of armour.
You are amphibious.
You can wear up to eight rings at the same time.
You can use your tentacles to constrict many enemies at once.
Your skin changes colour to match your surroundings (Stealth).
Your rubbery body absorbs attacks (AC +1).


Message History

Aim: an ice beast (almost dead)
You throw a tomahawk.
The tomahawk hits the ice beast but does no damage.
The ice beast is almost dead.
You closely miss the ice beast.
The ice beast is almost dead.
The ice beast barely misses you.
You barely miss the ice beast.
The ice beast is almost dead.
The ice beast hits you but does no damage.
You closely miss the ice beast.
The ice beast is almost dead.
The ice beast hits you. The ice beast freezes you!
* * * LOW HITPOINT WARNING * * *
Evoke which item? (* to show all) (? for menu, Esc to quit)
Zapping:
k - a wand of random effects {zapped: 4}
Press: ? - help, Shift-Dir - straight line, f/p - ice beast
Aim: an ice beast (almost dead)
The ice beast resists.
The ice beast hits you.
You die...

... #.# #.# #.# ..#
#.# #.## #.# #..##
#.# ##.###...#### #.#
............# #.#
####.#...##.# #.#
#.##.###.####@#######
# #.###..(.Y.......#
#...########.###.###
#.........(...(....#
#...#............#.#
#..##.######.#####5#
#..##.# #.# #.#
#..##.# #.# #.#
##.##.## #.# #.#


You could see an ice beast.

Vanquished Creatures
  A hippogriff skeleton (D:5)
  A crimson imp (D:5)
  2 worms
  An adder skeleton (D:4)
  4 orcs (D:5)
  3 bats
  6 hobgoblins (D:1)
  A giant newt (D:1)
  2 goblins
  A kobold (D:5)
  A kobold skeleton (D:5)
  An orc zombie (D:5)
  3 rats
27 creatures vanquished.

Vanquished Creatures (collateral kills)
  The ghost of Conan321 the Magician, an average OpWz (D:3)
1 creature vanquished.

Vanquished Creatures (others)
  A crimson imp (D:5)
  A white imp (D:5)
2 creatures vanquished.

Grand Total: 30 creatures vanquished

Notes
Turn   | Place    | Note
--------------------------------------------------------------
     0 | D:1      | Conan321, the Octopode Wizard, began the quest for the Orb.
     0 | D:1      | Reached XP level 1. HP: 11/11 MP: 4/4
   109 | D:1      | Reached XP level 2. HP: 7/17 MP: 0/6
   216 | D:1      | Learned a level 2 spell: Blink
   219 | D:1      | Learned a level 2 spell: Call Imp
   269 | D:4      | Found a staircase to the Ecumenical Temple.
   276 | D:4      | the staircase to the Ecumenical Temple was a mimic.
   506 | D:3      | Noticed Conan321's ghost (average OpWz)
   515 | D:3      | Killed Conan321's ghost
   515 | D:3      | Reached XP level 3. HP: 21/21 MP: 0/8
   519 | D:3      | Noticed a sky beast
   555 | D:4      | Found a radiant altar of Vehumet.
   555 | D:4      | Noticed a scorpion
   560 | D:4      | Noticed KaKa's ghost (average HaHu)
   585 | D:4      | Reached XP level 4. HP: 10/27 MP: 5/10
   598 | D:5      | Entered Level 5 of the Dungeon
   783 | D:5      | Learned a level 3 spell: Mephitic Cloud
  1006 | D:5      | Reached skill level 4 in Spellcasting
  1304 | D:5      | Reached XP level 5. HP: 26/31 MP: 1/13
  1423 | D:5      | Noticed an ice beast
  1525 | D:5      | HP: 1/31 [ice beast (10)]
  1527 | D:5      | Slain by an ice beast

Action                   |  1- 3 |  4- 6 || total
-------------------------+-------+-------++-------
Melee: Unarmed           |    18 |       ||    18
       Dagger            |    17 |    31 ||    48
Throw: Tomahawk          |       |     3 ||     3
 Cast: Magic Dart        |    20 |    35 ||    55
       Call Imp          |     3 |     5 ||     8
       Blink             |     3 |     4 ||     7
       Mephitic Cloud    |       |     1 ||     1
Evoke: Wand              |       |     6 ||     6
  Use: Scroll            |     2 |       ||     2
       Potion            |     1 |       ||     1
 Stab: Sleeping          |     3 |     4 ||     7
